 Dungeon Crawl Stone Soup version 0.20-a0-939-g04f5055 (webtiles) character file.

22628 aspa the Thaumaturge (level 13, -8/88 HPs)
             Began as an Octopode Wizard on Mar 30, 2017.
             Was an Elder of Sif Muna.
             Hit by a large rock thrown by a stone giant (33 damage)
             ... on level 13 of the Dungeon.
             The game lasted 02:39:00 (24670 turns).

aspa the Thaumaturge (Octopode Wizard)             Turns: 24670, Time: 02:39:00

Health: -8/88      AC:  4    Str:  9    XL:     13   Next: 1%
Magic:  22/31      EV: 13    Int: 29    God:    Sif Muna [****..]
Gold:   670        SH:  0    Dex: 11    Spells: 23/40 levels left

rFire    + . .     SeeInvis +   a - +0 dagger (venom)
rCold    . . .     Gourm    +   (no shield)
rNeg     + . .     Faith    .   d - +1 hat
rPois    .         Spirit   .   s - amulet of the gourmand
rElec    .         Reflect  .   h - ring of see invisible
rCorr    +         Harm     .   j - ring of resist corrosion
MR       +....                  E - +4 ring of intelligence
Stlth    ++++......             L - ring of positive energy
Regen    0.7/turn               O - ring of protection from fire
MPRegen  0.3/turn               l - +3 ring of strength
                                (no ring)
                                (no ring)

@: no status effects
A: almost no armour, stealthy swim, amphibious, 8 rings, constrict 8, iridescent
scales 1, camouflage 1, magic resistance 1, regeneration 1, gelatinous body 1
a: Divine Energy, Channel Magic, Forget Spell, Renounce Religion


You were on level 13 of the Dungeon.
You worshipped Sif Muna.
Sif Muna was greatly pleased with you.
You were very full.

You visited 3 branches of the dungeon, and saw 16 of its levels.
You also visited: Sewer.

You collected 967 gold pieces.
You spent 297 gold pieces at shops.

Inventory:

Hand Weapons
 a - a +0 dagger of venom (weapon)
 b - a +0 trident
 H - a +3 war axe
 P - a +2 hand crossbow of velocity
Armour
 d - a +1 hat (worn)
 f - a +0 shield
 u - the +3 hat of Pondering {ponderous, MR+ MP+10 Int+5}
   (You took it off Gastronok on level 10 of the Dungeon)

   It affects your intelligence (+5).
   It affects your resistance to hostile enchantments.
   It affects your magic capacity (+10).
Magical Staves
 C - an uncursed staff of summoning
Jewellery
 h - a ring of see invisible (left tentacle)
 j - a ring of resist corrosion (right tentacle)
 l - a +3 ring of strength (on tentacle)
 o - an uncursed ring of resist corrosion
 s - an amulet of the gourmand (around mantle)
 y - an uncursed amulet of guardian spirit {unknown}
 E - a +4 ring of intelligence (on tentacle)
 L - a ring of positive energy (on tentacle)
 O - a ring of protection from fire (on tentacle)
Wands
 e - a wand of random effects (17/48)
 N - a wand of digging (17/24)
 Q - a wand of lightning (2/15)
 U - a wand of iceblast (4/15)
 X - a wand of digging (12/24)
Scrolls
 g - 12 scrolls of identify
 n - 6 scrolls of recharging
 t - a scroll of magic mapping {unknown}
 w - a scroll of torment {unknown}
 x - 2 scrolls of fog
 B - 2 scrolls of random uselessness {unknown}
 G - 3 scrolls of enchant weapon {unknown}
 I - 7 scrolls of remove curse
 J - a scroll of vulnerability
 R - a scroll of summoning {unknown}
 S - a scroll of teleportation
Potions
 i - 4 potions of brilliance
 k - 5 potions of heal wounds
 v - 3 potions of might
 z - 9 potions of curing
 A - 3 potions of flight
 D - 3 potions of agility
 M - a potion of mutation
Books
 m - a book of Necromancy

   Spells                             Type                      Level
   a - Pain                           Necromancy                   1
   b - Animate Skeleton               Necromancy                   1
   c - Vampiric Draining              Necromancy                   3
   d - Regeneration                   Charms/Necromancy            3
   e - Animate Dead                   Necromancy                   4
   f - Control Undead                 Necromancy                   4
Miscellaneous
 q - a crystal ball of energy
Comestibles
 c - 8 bread rations
 p - 2 meat rations
 r - 3 fruits
 K - 4 royal jellies


   Skills:
 - Level 8.0 Fighting
 - Level 2.0 Dodging
 - Level 6.0 Stealth
 * Level 8.6 Shields
 - Level 14.2 Spellcasting
 - Level 4.2 Conjurations
 - Level 4.5 Charms
 - Level 1.0 Summonings
 - Level 4.4 Necromancy
 - Level 1.0 Translocations


You had 23 spell levels left.
You knew the following spells:

 Your Spells              Type           Power        Failure   Level  Hunger
a - Magic Dart            Conj           ####         1%          1    None
b - Call Imp              Summ           ####....     2%          2    None
c - Mephitic Cloud        Conj/Pois/Air  ####....     6%          3    None
d - Blink                 Tloc           N/A          2%          2    None
e - Slow                  Hex            ###.....     3%          2    None
f - Conjure Flame         Conj/Fire      ####....     3%          3    None
h - Apportation           Tloc           ####..       1%          1    None
i - Regeneration          Chrm/Necr      #####.....   1%          3    None


Dungeon Overview and Level Annotations

Branches:
Dungeon (13/15)            Temple (1/1) D:5            Lair (2/6) D:8
 Shoals (0/4) Lair:2          Orc (0/2) D:12         Vaults (0/5) D:13
  Snake: Lair:2-4    Spider: Lair:2-4

Altars:
Ashenzari
Cheibriados
Dithmenos
Elyvilon
Fedhas
Gozag
Hepliaklqana
Kikubaaqudgha
Makhleb
Nemelex Xobeh
Okawaru
Qazlal
Ru
Sif Muna
Trog
Uskayaw
Vehumet
Wu Jian
Xom
Yredelemnul
Zin
The Shining One

Shops:
D:5 *   D:7 =

Annotations:
D:5 Haddockses's ghost, novice FoAK
D:12 Azrael


Innate Abilities, Weirdness & Mutations

You cannot wear most types of armour.
You are very stealthy in the water. (Stealth+)
You are amphibious.
You can wear up to eight rings at the same time.
You can use your tentacles to constrict eight enemies at once.
Your skin changes colour to match your surroundings (Stealth+).
Your rubbery body absorbs attacks. (AC +1, EV +1)
You are partially covered in iridescent scales. (AC +2)
You are resistant to hostile enchantments. (MR+)
Your natural rate of healing is unusually fast.


Message History

You destroy the bullfrog skeleton!
Sif Muna accepts your kill.
A stone giant comes into view.
The stone giant shouts!
A centaur warrior zombie comes into view.
The stone giant throws a large rock.
The large rock hits you!!!
* * * LOW HITPOINT WARNING * * *
You see here a large rock.
Casting: Conjure Flame
Confirm with . or Enter, or press ? or * to list all spells.
Aiming: Magic Dart
Press: ? - help, Shift-Dir - straight line, f - stone giant
Aim: a stone giant
Okay, then.
Unknown command.
Okay, then.
As you read the scroll of fog, it crumbles to dust.
The scroll dissolves into smoke.
The stone giant throws a large rock.
The large rock hits you!!
You die...

##.# # #..# ##.###..#
........# ##......###
# # #####....# .#.###
#...## .#...
#...###########..# ###
#.........§@§§§Z# ...
#..######§§§§§..# #.
#####..######§§.§C..#
#.
..............#####.##
# ############.## ...
# #.# .### # #.## # ##
. #..#.##/(Q o.
#..#.c# (# ###


You could see a stone giant.

Vanquished Creatures
  Gastronok (D:10)
  A hydra (Lair:1)
  2 two-headed ogres (D:9)
  The ghost of feamirim the Grappler, a journeyman VSFi of Ru (Lair:1)
  A wizard (D:13)
  3 unseen horrors
  2 deep elf magi
  A black mamba (Lair:2)
  2 spiny frogs (Lair:1)
  A komodo dragon (Lair:1)
  A kobold demonologist (D:12)
  3 trolls
  A jumping spider (shapeshifter) (D:13)
  3 slime creatures (D:12)
  A hornet (shapeshifter) (D:13)
  2 hornets
  A harpy skeleton (D:13)
  5 hippogriffs
  19 yaks
  2 shadows
  A wyvern (D:11)
  A fire elemental (D:13)
  Grum (D:9)
  A basilisk (D:13)
  2 hungry ghosts
  2 steam dragons
  6 water moccasins
  Duvessa (D:4)
  3 porcupines (Lair:2)
  A sky beast (D:8)
  10 orc warriors
  3 necrophages
  2 phantoms (D:7)
  4 wolves (D:9)
  9 ogres
  5 centaurs
  3 crocodiles
  4 big kobolds
  8 bullfrogs
  Dowan (D:4)
  A wyvern skeleton (D:11)
  A scorpion (D:9)
  3 killer bees (D:9)
  7 wights
  4 howler monkeys
  7 crimson imps
  A centaur zombie (D:12)
  A bullfrog zombie (D:8)
  A jelly (D:9)
  11 orc priests
  A hound (D:8)
  A bullfrog skeleton (D:13)
  Crazy Yiuf (D:2)
  Natasha (twice) (D:3)
  11 orc wizards
  5 worker ants
  3 iguanas
  A hound skeleton (D:4)
  Robin (D:2)
  11 adders
  A shadow imp (D:12)
  8 white imps (Lair:2)
  An ooze (Sewer)
  2 adder skeletons
  5 worms
  2 dart slugs
  10 leopard geckos
  54 orcs
  19 bats
  4 giant cockroaches
  19 goblins
  12 hobgoblins
  10 jackals
  9 quokkas
  2 ball pythons
  6 frilled lizards
  A giant cockroach zombie (D:5)
  24 kobolds
  A leopard gecko skeleton (D:5)
  A quokka zombie (D:8)
  9 rats
395 creatures vanquished.

Vanquished Creatures (collateral kills)
  A fire elemental (D:12)
  Menkaure (D:7)
  A porcupine (Lair:2)
  A bullfrog (D:6)
  A scorpion (D:6)
  A wight (D:6)
  An orc priest (D:10)
  Natasha (D:3)
  A hound skeleton (D:6)
  4 gnolls
  3 adders
  2 shadow imps (D:6)
  3 white imps (Lair:2)
  4 worms
  A dart slug (D:4)
  8 orcs
  2 goblins (D:1)
  2 hobgoblins (D:1)
  3 jackals (D:1)
  A kobold (D:1)
  2 rats (D:2)
44 creatures vanquished.

Vanquished Creatures (others)
  A komodo dragon (D:12)
  2 slime creatures (D:12)
  A basilisk (D:12)
  An ogre (D:7)
  An eye of draining (D:12)
  A bullfrog skeleton (D:12)
  2 fungi
  2 plants
11 creatures vanquished.

Grand Total: 450 creatures vanquished

Notes
Turn   | Place    | Note
-------+----------+-------------------------------------------
     0 | D:1      | aspa the Octopode Wizard began the quest for the Orb.
     0 | D:1      | Reached XP level 1. HP: 11/11 MP: 4/4
   227 | D:1      | Reached XP level 2. HP: 17/17 MP: 0/6
   231 | D:1      | Learned a level 2 spell: Call Imp
   513 | D:2      | Noticed Robin
   940 | D:1      | Reached XP level 3. HP: 19/21 MP: 5/8
   945 | D:1      | Reached skill level 4 in Spellcasting
   950 | D:1      | Learned a level 3 spell: Mephitic Cloud
   953 | D:1      | Learned a level 2 spell: Blink
  1788 | D:1      | Reached XP level 4. HP: 26/27 MP: 0/10
  1793 | D:1      | Learned a level 3 spell: Conjure Flame
  1996 | D:2      | Found a sparkling altar of Nemelex Xobeh.
  2068 | D:2      | Noticed a moth of wrath
  2071 | D:2      | Found a bloodstained altar of Trog.
  2136 | D:2      | Killed Robin
  2253 | D:2      | Reached skill level 5 in Spellcasting
  2554 | D:2      | Reached XP level 5. HP: 27/31 MP: 4/12
  2561 | D:2      | Learned a level 2 spell: Slow
  2784 | D:2      | Found a runed door.
  2788 | D:2      | Noticed Crazy Yiuf
  2798 | D:2      | Killed Crazy Yiuf
  3621 | D:3      | Noticed Natasha
  3638 | D:3      | Killed Natasha
  3676 | D:3      | Found an opulent altar of Gozag.
  3785 | D:3      | Noticed Natasha
  3785 | D:3      | Reached skill level 6 in Spellcasting
  3835 | D:3      | Killed Natasha
  3835 | D:3      | Reached XP level 6. HP: 36/36 MP: 5/15
  4072 | D:3      | Found a sacrificial altar of Ru.
  4381 | D:3      | Noticed Natasha
  4402 | D:3      | Killed Natasha
  4759 | D:3      | Reached skill level 7 in Spellcasting
  5007 | D:5      | Entered Level 5 of the Dungeon
  5007 | D:5      | Noticed a necrophage
  5140 | D:4      | Reached XP level 7. HP: 34/41 MP: 12/17
  5293 | D:4      | Noticed Duvessa
  5298 | D:4      | Noticed Dowan
  5305 | D:4      | Killed Duvessa
  5319 | D:4      | Killed Dowan
  5465 | D:4      | Reached skill level 8 in Spellcasting
  5968 | D:4      | Reached XP level 8. HP: 38/46 MP: 17/20
  6264 | D:5      | Reached skill level 9 in Spellcasting
  6392 | D:5      | Noticed Haddockses's ghost (novice FoAK)
  6784 | D:6      | Found an ancient bone altar of Kikubaaqudgha.
  6958 | D:6      | Found a glowing drain.
  6966 | Sewer    | Entered a sewer
  7353 | Sewer    | Gained mutation: You are dopey. (Int -2) [potion of mutation]
  7353 | Sewer    | Gained mutation: One of your tentacles bears a spike. [potion of mutation]
  8019 | D:5      | Found a staircase to the Ecumenical Temple.
  8023 | Temple   | Entered the Ecumenical Temple
  8202 | D:5      | Found Poumigg's Practical Paraphernalia.
  8410 | D:6      | Reached skill level 10 in Spellcasting
  8815 | D:6      | Reached XP level 9. HP: 51/51 MP: 16/23
  8918 | D:6      | Found a burning altar of Makhleb.
  8918 | D:6      | Noticed a balrug
  9264 | D:6      | Found a burning altar of Makhleb.
 10144 | D:7      | Reached skill level 5 in Stealth
 10259 | D:7      | Found Aguzer's Jewellery Shoppe.
 10268 | D:7      | Bought a +4 ring of intelligence for 297 gold pieces
 10453 | D:7      | Reached skill level 11 in Spellcasting
 10788 | D:7      | Found a glowing silver altar of Zin.
 10788 | D:7      | Noticed an angel
 10809 | D:7      | Noticed Menkaure
 10825 | D:7      | Killed Menkaure
 11103 | D:7      | Learned a level 1 spell: Summon Small Mammal
 11105 | D:7      | Learned a level 1 spell: Apportation
 11453 | D:8      | Found an iron altar of Okawaru.
 11927 | D:8      | Reached skill level 12 in Spellcasting
 12041 | D:8      | Reached XP level 10. HP: 42/56 MP: 14/26
 12453 | D:8      | Found a deep blue altar of Sif Muna.
 12469 | D:8      | Became a worshipper of Sif Muna the Loreminder
 12603 | D:8      | Found a staircase to the Lair.
 12855 | D:9      | Noticed Grum
 12874 | D:9      | Killed Grum
 13297 | D:9      | Reached skill level 13 in Spellcasting
 13393 | D:10     | Entered Level 10 of the Dungeon
 13950 | D:9      | Found a white marble altar of Elyvilon.
 14010 | D:9      | Noticed a two-headed ogre
 14023 | D:9      | Killed a two-headed ogre
 14023 | D:9      | Reached * piety under Sif Muna
 14281 | D:9      | Noticed a two-headed ogre
 14299 | D:9      | Killed a two-headed ogre
 14708 | D:10     | Reached skill level 14 in Spellcasting
 15131 | D:10     | Noticed Gastronok
 15183 | D:10     | Reached ** piety under Sif Muna
 15672 | D:9      | Reached XP level 11. HP: 57/61 MP: 6/29
 15702 | D:9      | Reached skill level 1 in Fighting
 15963 | Lair:1   | Entered Level 1 of the Lair of Beasts
 16407 | Lair:1   | Noticed a six-headed hydra
 16422 | Lair:1   | Killed a six-headed hydra
 16422 | Lair:1   | Reached skill level 5 in Fighting
 16424 | Lair:1   | Noticed feamirim's ghost (journeyman VSFi)
 17078 | Lair:1   | Learned a level 3 spell: Regeneration
 17210 | Lair:2   | Found a frozen archway.
 17873 | Lair:1   | Killed feamirim's ghost
 18640 | Lair:2   | Found a staircase to the Shoals.
 19504 | D:10     | Noticed a fire crab
 20198 | D:10     | Killed Gastronok
 20198 | D:10     | Reached *** piety under Sif Muna
 20198 | D:10     | Reached XP level 12. HP: 39/82 MP: 12/30
 20278 | D:10     | Lost mutation: You are dopey. (Int -2) [potion of mutation]
 20278 | D:10     | Lost mutation: One of your tentacles bears a spike. [potion of mutation]
 20278 | D:10     | Gained mutation: Your natural rate of healing is unusually fast. [potion of mutation]
 20278 | D:10     | Gained mutation: You are partially covered in iridescent scales. (AC +2) [potion of mutation]
 20278 | D:10     | Gained mutation: You are resistant to hostile enchantments. (MR+) [potion of mutation]
 20481 | D:11     | Reached skill level 1 in Necromancy
 21659 | D:12     | Reached skill level 1 in Shields
 21769 | D:12     | Reached **** piety under Sif Muna
 21885 | D:12     | Noticed Azrael
 22594 | D:12     | Reached skill level 5 in Shields
 23703 | D:12     | Found a staircase to the Orcish Mines.
 24449 | D:13     | Found a gate to the Vaults.
 24650 | D:13     | Reached XP level 13. HP: 88/88 MP: 23/31
 24666 | D:13     | Noticed a tengu reaver
 24667 | D:13     | Noticed a stone giant
 24670 | D:13     | Hit by a large rock thrown by a stone giant

Vault maps used:
D:1:      lightli_arrival_farm
D:2:      nemelex_xobeh_ov_fountains_minmay, tgw_trog, first_bread, uniq_robin,
          uniq_crazy_yiuf_cottage
D:3:      kennysheep_the_goblin_king,
          nicolae_gozag_cash_rules_everything_around_me,
          nicolae_ru_awakened_eye, uniq_natasha
D:4:      uniq_duvessa
D:5:      temple_hall_moat, nicolae_alphabet_shops
D:6:      marbit_many_paths, overflow_temple_1_default,
          lightli_sewer_entry_pipes, makhleb_altar_promises_db
D:7:      zin_angel, serial_shops, nicolae_shop_temple_entry_statues_fountains,
          grunt_ogre_cave, minmay_bent, uniq_menkaure
D:8:      nicolae_overflow_crystal_walls, lemuel_coloured_pillars_altar,
          lair_entry_dummy
D:9:      lemuel_crystal_altar, uniq_grum
D:10:     uniq_gastronok
D:12:     david_orc_4, nicolae_zen_rock_garden, uniq_azrael
D:13:     hangedman_screamer, david_vaults_4, serial_bayou, serial_bayou_ford_a,
          serial_bayou_shore_b, serial_bayou_pond_b, serial_bayou_pond_c,
          minmay_hidden_floor
Temple:   nicolae_temple_x_marks_the_god
Lair:2:   minmay_shoals_entry_centaurs, portal_ice_cave_entry_imps,
          grunt_megastairs_4
Sewer:    kennysheep_pipe_town

Skill      XL: |  1  2  3  4  5  6  7  8  9 10 11 12 |
---------------+-------------------------------------+-----
Spellcasting   | 4 5 6 7 8 10 12 14 | 14.2
Stealth        | 4 6 |  6.0
Fighting       | 8 |  8.0
Conjurations   | 4 |  4.2
Charms         | 4 |  4.5
Necromancy     | 4 |  4.4
Shields        | 8 |  8.6
Dodging        | |  2.0
Summonings     | |  1.0
Translocations | |  1.0

Action                   |  1- 3 |  4- 6 |  7- 9 | 10-12 | 13-15 || total
-------------------------+-------+-------+-------+-------+-------++-------
Melee: Unarmed           |    21 |    32 |       |       |       ||    53
       Constrict         |     5 |    22 |    45 |    53 |     1 ||   126
       Tentacles         |     3 |    10 |    26 |    44 |       ||    83
       Dagger            |       |    24 |   163 |   234 |     3 ||   424
       Quarterstaff      |       |     4 |       |       |       ||     4
       Trident           |       |       |    56 |   275 |       ||   331
       Kick              |       |       |    11 |    30 |       ||    41
 Cast: Magic Dart        |    65 |   178 |   309 |   696 |       ||  1248
       Call Imp          |     7 |    22 |    43 |    69 |       ||   141
       Mephitic Cloud    |     2 |    13 |    37 |    81 |       ||   133
       Blink             |     1 |     2 |    10 |    16 |       ||    29
       Conjure Flame     |       |     2 |    43 |   133 |     2 ||   180
       Summon Small Mamm |       |       |     1 |       |       ||     1
       Regeneration      |       |       |       |     6 |       ||     6
Evoke: Wand              |       |       |       |     6 |       ||     6
  Use: Potion            |     1 |       |     7 |     6 |       ||    14
       Scroll            |       |       |     9 |    12 |     1 ||    22
 Stab: Sleeping          |     1 |     1 |       |       |       ||     2
       Confused          |       |       |    11 |    10 |       ||    21
       Distracted        |       |       |       |     2 |       ||     2
  Eat: Chunk             |     3 |    10 |    18 |    53 |       ||    84
       Fruit             |       |       |     2 |       |       ||     2
       Royal jelly       |       |       |     1 |       |       ||     1
Armor: Skin              |       |     6 |     9 |    20 |     1 ||    36
Dodge: Dodged            |    22 |    32 |   101 |   183 |     5 ||   343
